 Dungeon Crawl Stone Soup version 0.29-a0-813-g4a14ea37d6 (webtiles) character file.

Game seed: 10281092454747811938

200354 porpoise the Warrior (level 17, -8/144 HPs)
             Began as a Demonspawn Delver on July 4, 2022.
             Was an Initiate of Yredelemnul.
             Mangled by contendunt's ghost (15 damage)
             ... on level 2 of the Swamp on July 5, 2022.
             The game lasted 03:42:29 (38008 turns).

porpoise the Warrior (Demonspawn Delver)           Turns: 38008, Time: 03:42:30

Health: -8/144     AC: 20    Str: 16    XL:     17   Next: 87%
Magic:  34/35      EV: 25    Int: 13    God:    Yredelemnul [......]
Gold:   1885       SH:  0    Dex: 18    Spells: 11/26 levels left

rFire   . . .      SeeInvis +   b - +1 arbalest of Famine {elec, rPois Will+ Int-4 SInv}
rCold   + . .      Faith    .   (shield currently unavailable)
rNeg    + + +      Spirit   .   C - +4 scale mail {rN+}
rPois   +          Reflect  .   s - +0 hat {Will+}
rElec   .          Harm     .   x - +2 cloak
rCorr   +          Rampage  .   (gloves unavailable)
Will    +++++      Clarity  +   r - +2 pair of boots "Ponomod" {rF- rC+ rCorr Int+2}
Stlth   ++........ Rnd*Tele +   n - amulet of the Four Winds {rN+ Will+++ Clar}
HPRegen 0.34/turn               i - ring of poison resistance
MPRegen 0.24/turn               G - ring "Qaoggo" {rF+ rN++ MP+9 Str-2 Dex+6}

@: mighty, agile, studying 2 skills, repel missiles
A: repulsion field 3, powered by death 2, powered by pain 1, corrupting presence
1, demonic touch 3, clumsy 1, teleportitis 1, inability to drink while
threatened 1, inability to read while threatened 1
}: 1/15 runes: gossamer
a: Renounce Religion, Recall Undead Harvest


You were on level 2 of the Swamp.
You worshipped Yredelemnul.
Yredelemnul was pleased with you.
You visited 6 branches of the dungeon, and saw 30 of its levels.

You collected 2878 gold pieces.
You spent 993 gold pieces at shops.

Inventory:

Hand Weapons
 a - a +0 trident of freezing
 b - the +1 arbalest of Famine (weapon) {elec, rPois Will+ Int-4 SInv}
   (You found it on level 4 of the Dungeon)

   Any ammunition fired from it occasionally discharges a powerful burst of
   electricity upon striking a foe.
   Int:       It affects your intelligence (-4).
   rPois:     It protects you from poison.
   SInv:      It lets you see invisible.
   Will:      It increases your willpower.
 w - a +8 vorpal quick blade
 P - a +3 broad axe
Missiles
 A - 6 atropa-tipped darts
 H - 8 poisoned darts
Armour
 r - the +2 pair of boots "Ponomod" (worn) {rF- rC+ rCorr Int+2}
   (You found it on level 4 of the Spider Nest)

   Int:       It affects your intelligence (+2).
   rF:        It makes you vulnerable to fire.
   rC:        It protects you from cold.
   rCorr:     It protects you from acid and corrosion.
 s - a +0 hat of willpower (worn)
 x - a +2 cloak (worn)
 C - a +4 scale mail of positive energy (worn)
Jewellery
 i - a ring of poison resistance (left hand)
 n - the amulet of the Four Winds (around neck) {rN+ Will+++ Clar}
   (You bought it in a shop on level 2 of the Orcish Mines)

   [amulet of nothing]

   rN:        It protects you from negative energy.
   Clar:      It protects you against confusion.
   Will:      It greatly increases your willpower.
 G - the ring "Qaoggo" (right hand) {rF+ rN++ MP+9 Str-2 Dex+6}
   (You acquired it on level 1 of the Spider Nest)

   [ring of dexterity]

   Str:       It affects your strength (-2).
   Dex:       It affects your dexterity (+6).
   rF:        It protects you from fire.
   rN:        It greatly protects you from negative energy.
   MP:        It affects your magic capacity (+9).
 I - a ring of see invisible
 L - a +4 ring of protection
Wands
 f - a wand of roots (23)
 g - a wand of digging (15)
 z - a wand of charming (33)
 B - a wand of quicksilver (7)
 D - a wand of mindburst (8)
 J - a wand of polymorph (7)
 Y - a wand of flame (53)
Scrolls
 c - 4 scrolls of fog
 d - 5 scrolls of magic mapping
 e - 8 scrolls of fear
 j - 15 scrolls of identify
 o - 2 scrolls of vulnerability
 q - 3 scrolls of silence
 y - a scroll of amnesia
 R - a scroll of brand weapon
 X - 9 scrolls of teleportation
Potions
 h - 2 potions of might
 k - a potion of cancellation
 l - 3 potions of lignification
 p - 5 potions of invisibility
 t - 2 potions of mutation
 v - 5 potions of heal wounds
 E - 4 potions of resistance
 K - 4 potions of curing
 N - 4 potions of attraction
 O - 11 potions of ambrosia
Miscellaneous
 m - a tin of tremorstones (2/2)
 u - a phantom mirror (inert)
 Q - a phantom mirror (inert)


   Skills:
 - Level 16.0 Fighting
 + Level 6.6 Short Blades
 - Level 14.0 Polearms
 + Level 1.5 Ranged Weapons
 - Level 12.0 Armour
 - Level 12.0 Dodging
 - Level 7.0 Stealth
 - Level 5.0 Spellcasting
 + Level 1.7 Hexes
 - Level 5.0 Translocations
 - Level 7.0 Transmutations
 - Level 12.0 Invocations
 - Level 7.0 Evocations


You had 11 spell levels left.
You knew the following spells:

 Your Spells              Type           Power      Damage    Failure   Level
f - Enfeeble              Hex            3%         N/A       100%        7
g - Anguish               Hex/Necr       2%         N/A       98%         4
k - Blink                 Tloc           32%        N/A       10%         2
w - Wereblood             Tmut           21%        N/A       4%          2

Your spell library contained the following spells:

 Spells                   Type           Power      Damage    Failure   Level
 Gell's Gravitas          Tloc           16%        N/A       19%         3
 Lesser Beckoning         Tloc           16%        N/A       19%         3
 Teleport Other           Tloc           16%        N/A       19%         3
 Slow                     Hex            28%        N/A       26%         1
 Portal Projectile        Hex/Tloc       22%        N/A       36%         3
 Freeze                   Ice            12%        1d4       45%         1
 Magic Dart               Conj           12%        1d3       45%         1
 Shock                    Conj/Air       12%        1d3       45%         1
 Searing Ray              Conj           6%         2d4       58%         2
 Sublimation of Blood     Necr           3%         N/A       58%         2
 Confusing Touch          Hex            7%         N/A       58%         3
 Petrify                  Tmut/Erth      12%        N/A       75%         4
 Call Canine Familiar     Summ           3%         N/A       83%         3
 Frozen Ramparts          Ice            6%         1d2       83%         3
 Ozocubu's Armour         Ice            3%         N/A       83%         3
 Swiftness                Air            3%         N/A       83%         3
 Vampiric Draining        Necr           3%         2d6       83%         3
 Iskenderun's Mystic Bla  Conj/Tloc      9%         2d4       87%         4
 Manifold Assault         Tloc           16%        N/A       87%         5
 Alistair's Intoxication  Tmut/Pois      8%         N/A       97%         5
 Fulminant Prism          Conj/Hex       2%         3d6       98%         4
 Leda's Liquefaction      Hex/Erth       2%         N/A       98%         4
 Airstrike                Air            1%         0-2+      99%         4
 Hailstorm                Conj/Ice       3%         3d3       99%         4
 Summon Lightning Spire   Summ/Air       3%         N/A       99%         4
 Summon Forest            Summ/Tloc      4%         N/A       99%         5
 Borgnjor's Vile Clutch   Necr/Erth      1%         N/A       100%        5
 Fireball                 Conj/Fire      1%         3d3       100%        5
 Iskenderun's Battlesphe  Conj           3%         2d6       100%        5
 Lee's Rapid Deconstruct  Erth           1%         3d5*      100%        5
 Metabolic Englaciation   Hex/Ice        2%         N/A       100%        5
 Eringya's Noxious Bog    Tmut/Pois      6%         N/A       100%        6
 Iron Shot                Conj/Erth      1%         9d1       100%        6
 Starburst                Conj/Fire      1%         6d3       100%        6
 Statue Form              Tmut/Erth      8%         N/A       100%        6
 Malign Gateway           Summ/Tloc      4%         N/A       100%        7
 Spellforged Servitor     Conj/Summ      1%         N/A       100%        7
 Storm Form               Tmut/Air       6%         N/A       100%        7
 Summon Hydra             Summ           1%         N/A       100%        7
 Ignition                 Fire           1%         3d3       100%        8
 Maxwell's Capacitive Co  Air            1%         ∞         100%        8
 Summon Horrible Things   Summ           1%         N/A       100%        8
 Simulacrum               Ice/Necr       Unusable   N/A       N/A         6

Dungeon Overview and Level Annotations

Branches:
Dungeon (15/15)            Temple (1/1) D:4            Lair (6/6) D:11
  Swamp (2/4) Lair:3       Spider (4/4) Lair:3        Slime (0/5) Lair:5
    Orc (2/2) D:12            Elf (0/3) Orc:2        Vaults (0/5) D:14
 Depths (0/4) D:15

Altars:
Ashenzari
Cheibriados
Dithmenos
Fedhas
Gozag
Hepliaklqana
Kikubaaqudgha
Makhleb
Nemelex Xobeh
Okawaru
Qazlal
Ru
Sif Muna
Trog
Uskayaw
Vehumet
Wu Jian
Xom
Yredelemnul

Shops:
D:1 (   D:2 !   Orc:1 :   Orc:2 ([(=

Annotations:
D:15 exclusion: ice statue
Swamp:2 contendunt's ghost, adept MiFi; hgbash's ghost, adept GrBe


Innate Abilities, Weirdness & Mutations

You are surrounded by a strong repulsion field. (EV +4, RMsl)
You regenerate health from kills.
You sometimes gain a little power by taking damage.
Your presence sometimes corrodes those you injure.
Your touch may irresistibly damage your foes and sap their willpower.
You are clumsy. (Dex -2)
You are occasionally teleported next to monsters.
You occasionally lose the ability to drink potions when taking damage.
You occasionally lose the ability to read scrolls when taking damage.


Message History

The bolt of dispelling energy hits contendunt's ghost!
Contendunt's ghost is lightly damaged.
Hgbash's ghost misses you. Contendunt's ghost barely misses you.
Unknown command.
Aiming: Quicksilver Bolt
Press: ? - help, Shift-Dir - straight line, f/p - contendunt's ghost
Aim: contendunt's ghost, wielding a weapon of electrocution (lightly damaged, 25% to hit)
The bolt of dispelling energy misses contendunt's ghost.
Hgbash's ghost hits you but does no damage.
Contendunt's ghost hits you!
* * * LOW HITPOINT WARNING * * *
Aiming: Quicksilver Bolt
Press: ? - help, Shift-Dir - straight line, f/p - contendunt's ghost
Aim: contendunt's ghost, wielding a weapon of electrocution (lightly damaged, 25% to hit)
The bolt of dispelling energy misses contendunt's ghost.
Hgbash's ghost hits you!
* * * LOW HITPOINT WARNING * * *
x2 Contendunt's ghost completely misses you.
Aiming: Quicksilver Bolt
Press: ? - help, Shift-Dir - straight line, f/p - contendunt's ghost
Aim: contendunt's ghost, wielding a weapon of electrocution (lightly damaged, 25% to hit)
The bolt of dispelling energy misses contendunt's ghost.
Hgbash's ghost closely misses you.
Contendunt's ghost hits you but does no damage.
Aiming: Quicksilver Bolt
Press: ? - help, Shift-Dir - straight line, f/p - contendunt's ghost
Aim: contendunt's ghost, wielding a weapon of electrocution (lightly damaged, 25% to hit)
The bolt of dispelling energy misses contendunt's ghost.
Hgbash's ghost barely misses you. Contendunt's ghost hits you.
* * * LOW HITPOINT WARNING * * *
There's nothing to close nearby.
Unknown command.
Aiming: Quicksilver Bolt
Press: ? - help, Shift-Dir - straight line, f/p - contendunt's ghost
Aim: contendunt's ghost, wielding a weapon of electrocution (lightly damaged, 25% to hit)
The bolt of dispelling energy misses contendunt's ghost.
Hgbash's ghost hits you but does no damage.
Contendunt's ghost hits you!
You die...
Your body rises from the dead as a mindless zombie.

♣≈≈≈§≈≈≈§..≈♣♣♣.
######≈≈≈.♣♣♣ ♣≈
##?[8$#≈≈≈≈♣ ♣♣
##8....#..≈≈♣♣♣♣♣♣
#......#..≈≈....♣≈
#♣.....'....≈..≈♣.
#⌠.....'[..≈..≈.♣♣
#♣W.$..'..§≈..§.♣♣
#@W?...#...<.[.≈♣♣
##8....#..♣≈..≈)≈.
##)=8}#♣♣♣♣♣.≈≈≈.
###### ♣.≈≈≈.
♣♣.≈≈≈ ♣^.≈≈ ♣♣.≈≈
♣♣.. ♣♣♣


You could see contendunt's ghost and hgbash's ghost.

Vanquished Creatures
  Bai Suzhen (Spider:4)
  Kirke (D:13)
  The ghost of Ozxa the Eclecticist, an adept DjCA of Ignis (Swamp:2)
  The ghost of Kesaebal the Impaler, an adept MfSu of Nemelex Xobeh (Spider:4)
  4 emperor scorpions (Spider:4)
  2 ghost moths (Spider:4)
  A broodmother (Spider:2)
  An entropy weaver (Spider:3)
  An eleionoma (Swamp:1)
  A spark wasp (Spider:4)
  Josephine (Orc:2)
  7 hydras
  Erolcha (Orc:2)
  5 boulder beetles
  Harold (Orc:1)
  A death knight (D:13)
  7 vault guards (D:14)
  A catoblepas (Lair:6)
  Erica (D:8)
  2 radroaches (Spider:4)
  3 centaur warriors
  4 two-headed ogres
  4 death yaks (Lair:6)
  2 alligators (Swamp:2)
  2 orc high priests
  Nergalle (D:12)
  5 skeletal warriors (D:13)
  A fire crab (shapeshifter) (D:13)
  4 pharaoh ants
  A spriggan druid (Swamp:2)
  A steelbarb worm (Spider:4)
  A spriggan rider (Swamp:1)
  A flayed ghost (D:15)
  A lindwurm (Lair:5)
  7 orc knights
  A deep elf pyromancer (D:13)
  An iron dragon zombie (D:15)
  An orc sorcerer (Orc:2)
  10 wolf spiders
  A moth of wrath (Spider:1)
  10 ugly things
  8 cyclopes
  2 manticores
  A will-o-the-wisp (Swamp:1)
  2 slime creatures (D:14)
  5 black mambas
  10 elephants
  3 molten gargoyles (D:15)
  A gargoyle (D:11)
  4 torpor snails
  Maggie (D:10)
  7 cane toads
  9 komodo dragons
  3 kobold demonologists (D:11)
  2 rime drakes
  4 yaktaurs (D:15)
  3 freezing wraiths (D:13)
  A human zombie (D:14)
  3 demonic crawlers
  A guardian mummy (D:15)
  A queen bee (Spider:4)
  2 polar bears
  5 trolls
  A meliai (Spider:4)
  4 tyrant leeches
  2 saltlings (Orc:2)
  A tarantella (shapeshifter) (D:15)
  5 tarantellas
  2 hornets (D:7)
  6 blink frogs
  A spriggan zombie (D:15)
  5 dream sheep (Lair:3)
  7 jumping spiders
  9 culicivoras
  A shadow (D:11)
  A spriggan (Swamp:2)
  63 yaks
  A yak (shapeshifter) (D:13)
  5 wraiths
  2 wyverns
  3 hogs (D:13)
  2 basilisks
  A fire elemental (D:15)
  Grum (D:8)
  3 steam dragons
  10 redbacks
  4 vampire mosquitoes
  2 wargs
  Edmund (D:6)
  3 acid dragons (D:11)
  6 swamp worms
  14 water moccasins
  3 ice beasts (D:6)
  19 orc warriors
  3 black bears
  3 sky beasts
  8 ogres
  14 wolves
  3 centaurs
  3 boggarts (D:14)
  A tengu (shapeshifter) (D:15)
  5 phantoms
  7 kobold brigands
  3 gnoll sergeants
  11 bullfrogs
  3 scorpions
  A necrophage (D:6)
  3 wights (D:6)
  34 killer bees
  2 howler monkeys
  2 electric eels
  3 hounds
  11 jellies
  2 gnoll boudas (D:7)
  13 orc priests
  3 iguanas
  14 orc wizards
  A swamp drake zombie (Swamp:2)
  25 gnolls
  10 adders
  A shadow imp (D:6)
  A white imp (D:5)
  An ufetubus (D:6)
  2 worms
  4 dart slugs
  86 orcs
  6 bats
  5 endoplasms
  A giant cockroach (D:1)
  5 goblins
  5 hobgoblins
  4 jackals (D:3)
  11 kobolds
  6 quokkas
  7 ball pythons
  4 frilled lizards
  An orc zombie (D:15)
  21 rats
728 creatures vanquished.

Vanquished Creatures (collateral kills)
  Nikola (Swamp:2)
  The ghost of Fiugearo the Warrior, an adept MiFi of Trog (Swamp:1)
  Donald (Spider:4)
  An orc warlord (Orc:2)
  7 emperor scorpions
  5 ghost moths
  The ghost of avis the Marksdemigod, a journeyman DgIE (Swamp:1)
  An eleionoma (Swamp:2)
  8 entropy weavers
  2 spark wasps
  A vault guard (D:14)
  4 hydras
  2 boulder beetles
  A ghost crab (Swamp:2)
  A jorogumo (Spider:3)
  2 catoblepae (Lair:6)
  3 radroaches
  A death yak (Lair:6)
  3 alligators (Swamp:2)
  2 two-headed ogres
  4 spriggans (Swamp:2)
  4 pharaoh ants
  A skeletal warrior (D:15)
  2 spriggan druids (Swamp:2)
  9 orb spiders
  5 steelbarb worms
  4 orc knights (Orc:2)
  3 bog bodies
  A fire giant zombie (D:15)
  A necromancer (D:15)
  An ugly thing (D:14)
  12 wolf spiders
  A deep elf pyromancer (D:14)
  A cyclops (D:11)
  A will-o-the-wisp (Swamp:1)
  A manticore (Lair:6)
  5 elephants
  2 moths of wrath
  2 torpor snails
  3 cane toads
  Psyche (D:9)
  An efreet (D:13)
  3 demonic crawlers
  2 yaktaurs (D:15)
  2 redback zombies
  6 meliai
  11 tarantellas
  2 blink frogs
  3 saltlings (Orc:2)
  2 trolls
  A hornet (Swamp:2)
  A shadow (D:10)
  8 jumping spiders
  12 culicivoras
  26 yaks
  29 redbacks
  A steam dragon (D:6)
  2 vampire mosquitoes (Swamp:1)
  3 swamp worms
  A water moccasin (Lair:1)
  2 swamp drakes (Swamp:2)
  A black bear (D:11)
  2 orc warriors
  2 ogres
  4 wolves (Lair:6)
  A centaur (D:9)
  A necrophage (D:6)
  A bullfrog (Lair:5)
  10 killer bees
  An electric eel (Spider:4)
  3 jellies (Lair:5)
  An orc priest (Orc:1)
  2 orc wizards
  3 gnolls
  10 orcs
  An endoplasm (Lair:5)
  5 kobolds (D:11)
  A bush (Lair:6)
  4 pillars of salt (Orc:2)
283 creatures vanquished.

Vanquished Creatures (others)
  A spectral dwarf (Spider:4)
  2 emperor scorpion zombies (Spider:4)
  3 ghost moth zombies (Spider:4)
  A spark wasp zombie (Spider:4)
  A spriggan rider (Swamp:2)
  9 wolf spider zombies
  4 ugly thing zombies (D:15)
  A centaur zombie (D:14)
  4 swamp worm zombies (Swamp:2)
  4 orb spider zombies
  A catoblepas zombie (Lair:6)
  9 redback zombies
  2 hydra zombies
  3 human zombies
  A bloated husk (Swamp:1)
  2 demonic crawler zombies
  2 jumping spider zombies (Spider:4)
  5 tarantella zombies
  A boulder beetle zombie (Spider:3)
  An alligator zombie (Swamp:2)
  3 meliai zombies (Spider:4)
  3 radroach zombies
  5 culicivora zombies
  A black mamba zombie (Lair:5)
  A tyrant leech zombie (Swamp:2)
  4 spriggan zombies
  A two-headed ogre zombie (Orc:2)
  A glowing shapeshifter zombie (D:15)
  A ghost crab zombie (Swamp:2)
  2 elephant zombies (Lair:3)
  A torpor snail zombie (Spider:4)
  2 hog zombies (D:13)
  2 vampire mosquito zombies (D:15)
  2 yaktaur zombies (D:15)
  A fire crab zombie (D:13)
  A cyclops zombie (D:14)
  3 water moccasin zombies
  2 troll zombies
  A warg zombie (D:15)
  10 yak zombies
  3 wolf zombies (Lair:2)
  2 bullfrog zombies
  An orc wizard (Orc:1)
  A boggart zombie (D:14)
  19 killer bee zombies
  An ice beast zombie (D:6)
  An ogre zombie (D:6)
  A sky beast zombie (D:7)
  A tengu zombie (D:15)
  A spectral electric eel (Lair:4)
  A swamp drake zombie (Swamp:2)
  A jelly zombie (Lair:5)
  A spectral shadow imp (D:6)
  6 gnoll zombies
  5 kobold zombies
  40 orc zombies
  8 foxfires (Swamp:1)
  97 fungi
  122 plants
  7 withered plants (D:15)
423 creatures vanquished.

Grand Total: 1434 creatures vanquished

Notes
Turn   | Place    | Note
-------+----------+-------------------------------------------
     0 | D:5      | porpoise the Demonspawn Delver began the quest for the Orb.
     0 | D:5      | Reached XP level 1. HP: 18/18 MP: 1/1
   110 | D:4      | Gained mutation: You regenerate a little health from kills.
                  | [demonic ancestry]
   110 | D:4      | Reached XP level 2. HP: 4/24 MP: 2/2
   365 | D:4      | Noticed a black bear
   413 | D:3      | Found an opulent altar of Gozag.
   563 | D:1      | Found a faded altar of an unknown god.
   872 | D:1      | Reached XP level 3. HP: 29/29 MP: 3/3
  1633 | D:1      | Found Coffeom's Weapon Boutique.
  1873 | D:2      | Noticed a scorpion
  1894 | D:2      | HP: 1/30 [poisoned by a scorpion]
  1898 | D:2      | Killed a scorpion
  1899 | D:2      | Reached skill level 4 in Fighting
  1899 | D:2      | Gained mutation: You are surrounded by a mild repulsion
                  | field. (EV +2) [demonic ancestry]
  1899 | D:2      | Reached XP level 4. HP: 29/37 MP: 4/4
  2137 | D:2      | Found Pesapn Bemi's Distillery.
  2140 | D:2      | Bought a potion of degeneration for 12 gold pieces
  2140 | D:2      | Bought a potion of heal wounds for 60 gold pieces
  3054 | D:3      | Identified a scroll of acquirement
  3054 | D:3      | Acquired a manual of Shields
  3074 | D:3      | Found a stormy altar of Qazlal.
  3235 | D:3      | Gained mutation: Your touch may inflict minor irresistible
                  | damage on your foes. [demonic ancestry]
  3235 | D:3      | Reached XP level 5. HP: 42/42 MP: 5/5
  4071 | D:4      | Killed a black bear
  4072 | D:4      | Reached skill level 5 in Polearms
  4072 | D:4      | Gained mutation: You sometimes gain a little power by
                  | taking damage. [demonic ancestry]
  4072 | D:4      | Reached XP level 6. HP: 50/50 MP: 6/6
  4151 | D:4      | Reached skill level 5 in Fighting
  4642 | D:4      | Gained mutation: You regenerate health from kills. [demonic
                  | ancestry]
  4642 | D:4      | Reached XP level 7. HP: 52/56 MP: 7/7
  4849 | D:4      | Identified the +5 scale mail of Peek-a-Boo {Harm rC++
                  | Regen+ Int-4}
  4880 | D:4      | Found a sparkling altar of Nemelex Xobeh.
  4880 | D:4      | Found a transporter.
  4911 | D:4      | Identified the +1 arbalest of Famine {elec, rPois Will+
                  | Int-4 SInv}
  5015 | D:4      | Found a staircase to the Ecumenical Temple.
  5024 | Temple   | Entered the Ecumenical Temple
  5060 | Temple   | Became a worshipper of Yredelemnul the Dark
  5361 | D:5      | Found a burning altar of Makhleb.
  5361 | D:5      | Found an iron altar of Okawaru.
  5372 | D:5      | Found a shimmering blue altar of Sif Muna.
  5378 | D:5      | Found a snail-covered altar of Cheibriados.
  5386 | D:5      | Reached * piety under Yredelemnul
  5388 | D:5      | Found a broken altar of Ashenzari.
  5498 | D:5      | Found a shimmering altar of Xom.
  5594 | D:5      | Reached ** piety under Yredelemnul
  5741 | D:5      | Reached skill level 6 in Fighting
  5793 | D:5      | Reached *** piety under Yredelemnul
  5846 | D:5      | Found a blossoming altar of Fedhas.
  6285 | D:6      | Reached XP level 8. HP: 64/64 MP: 8/8
  6595 | D:6      | Reached skill level 7 in Fighting
  6758 | D:6      | Gained mutation: You are surrounded by a moderate repulsion
                  | field. (EV +3) [demonic ancestry]
  6758 | D:6      | Reached XP level 9. HP: 72/72 MP: 9/9
  7203 | D:6      | Reached skill level 10 in Polearms
  7322 | D:6      | Found a radiant altar of Vehumet.
  7390 | D:6      | Noticed Edmund
  7406 | D:6      | Killed Edmund
  7860 | D:7      | Reached skill level 1 in Invocations
  7972 | D:7      | Reached skill level 5 in Stealth
  8024 | D:7      | Found an ancient bone altar of Kikubaaqudgha.
  8456 | D:7      | Reached skill level 1 in Armour
  8679 | D:7      | Gained mutation: You are surrounded by a strong repulsion
                  | field. (EV +4, RMsl) [demonic ancestry]
  8679 | D:7      | Reached XP level 10. HP: 79/79 MP: 12/12
  8729 | D:8      | Found a bloodstained altar of Trog.
  8964 | D:8      | Noticed Grum
  8981 | D:8      | Killed Grum
  8982 | D:8      | Reached skill level 5 in Invocations
  9032 | D:8      | Learned a level 2 spell: Wereblood
  9319 | D:8      | Noticed Erica
  9329 | D:8      | Killed Erica
  9645 | D:9      | Found a shadowy altar of Dithmenos.
  9696 | D:9      | Reached XP level 11. HP: 84/84 MP: 16/16
 10467 | D:9      | Noticed Psyche
 10493 | D:9      | Killed Psyche
 10711 | D:9      | Reached **** piety under Yredelemnul
 10873 | D:10     | Entered Level 10 of the Dungeon
 10903 | D:10     | Noticed Maggie
 10940 | D:10     | Killed Maggie
 10941 | D:10     | Reached skill level 5 in Armour
 11056 | D:10     | Identified the +0 scale mail "Nuamm" {+Blink rElec Int-5
                  | SInv}
 11935 | D:11     | Noticed a two-headed ogre
 11937 | D:11     | Killed a two-headed ogre
 12020 | D:11     | Noticed a two-headed ogre
 12034 | D:11     | Killed a two-headed ogre
 12300 | D:11     | Found a staircase to the Lair.
 12440 | D:11     | Reached ***** piety under Yredelemnul
 12527 | D:11     | Reached ****** piety under Yredelemnul
 12629 | D:11     | Gained mutation: Your touch may inflict irresistible damage
                  | on your foes. [demonic ancestry]
 12629 | D:11     | Reached XP level 12. HP: 91/91 MP: 18/18
 13464 | Lair:1   | Entered Level 1 of the Lair of Beasts
 13620 | Lair:1   | Reached skill level 1 in Evocations
 13631 | Lair:1   | Reached skill level 8 in Fighting
 15157 | Lair:2   | Reached skill level 9 in Fighting
 15750 | Lair:3   | Reached skill level 5 in Dodging
 15752 | Lair:3   | Reached skill level 5 in Evocations
 16066 | Lair:3   | Reached skill level 10 in Fighting
 16081 | Lair:3   | Noticed a seven-headed hydra
 16089 | Lair:3   | Killed a seven-headed hydra
 16090 | Lair:3   | Reached XP level 13. HP: 99/103 MP: 19/19
 16241 | Lair:3   | Found a staircase to the Swamp.
 16312 | Lair:3   | Found a hole to the Spider Nest.
 17362 | Lair:5   | Reached skill level 11 in Fighting
 17762 | Lair:5   | Found a staircase to the Slime Pits.
 18530 | D:11     | Reached skill level 12 in Fighting
 18881 | D:12     | Found a staircase to the Orcish Mines.
 19351 | D:12     | Noticed Nergalle
 19364 | D:12     | Killed Nergalle
 19365 | D:12     | Reached skill level 10 in Invocations
 20204 | D:13     | Noticed Kirke
 20212 | D:13     | Gained mutation: Your touch may irresistibly damage your
                  | foes and sap their willpower. [demonic ancestry]
 20212 | D:13     | Reached XP level 14. HP: 110/115 MP: 22/22
 20224 | D:13     | Killed Kirke
 21361 | D:14     | Found a gate to the Vaults.
 21968 | D:14     | Identified the +6 spear of Sunlight {freeze, MP+9 SInv}
 22327 | D:15     | Entered Level 15 of the Dungeon
 22545 | D:15     | Reached skill level 1 in Spellcasting
 22545 | D:15     | Reached skill level 1 in Transmutations
 22586 | D:15     | Found a staircase to the Depths.
 23581 | Orc:1    | Entered Level 1 of the Orcish Mines
 23662 | Orc:2    | Entered Level 2 of the Orcish Mines
 23699 | Orc:2    | Gained mutation: Your presence sometimes corrodes those you
                  | injure. [demonic ancestry]
 23699 | Orc:2    | Reached XP level 15. HP: 122/122 MP: 24/24
 23803 | Orc:2    | Upgraded the game from 0.29-a0-802-g34511f41fd to
                  | 0.29-a0-813-g4a14ea37d6
 23819 | Orc:2    | Noticed Josephine
 23822 | Orc:2    | Noticed Erolcha
 23842 | Orc:2    | Killed Josephine
 23855 | Orc:2    | Killed Erolcha
 24276 | Orc:2    | Found a staircase to the Elven Halls.
 24896 | Orc:2    | Found Soqu Kilont's Antique Weapon Shop.
 24938 | Orc:2    | Found Cuhoynoe's Weapon Boutique.
 24938 | Orc:2    | Noticed an orc warlord
 24967 | Orc:2    | Killed an orc warlord
 24968 | Orc:2    | Reached skill level 13 in Fighting
 25005 | Orc:2    | Found Remegg's Antique Armour Boutique.
 25050 | Orc:2    | Found Ehuum's Jewellery Shoppe.
 25058 | Orc:2    | Bought the amulet of the Four Winds {rN+ Will+++ Clar} for
                  | 482 gold pieces
 25058 | Orc:2    | Found the amulet of the Four Winds {rN+ Will+++ Clar}
 25220 | Orc:2    | Bought an ebony sling for 175 gold pieces
 25220 | Orc:2    | Identified the +11 sling of Intuition {flame, rN+ Int-3
                  | Dex+4} (You bought it in a shop on level 2 of the Orcish
                  | Mines)
 25239 | Orc:2    | Bought a runed scarf for 264 gold pieces
 25315 | Orc:1    | Found Ceicrorch's Vocational Training.
 25319 | Orc:1    | Reached skill level 5 in Transmutations
 25496 | Orc:1    | Noticed Jorgrun
 25497 | Orc:1    | Noticed Harold
 25501 | Orc:1    | Reached skill level 5 in Spellcasting
 25510 | Orc:1    | Killed Harold
 25541 | Orc:1    | Killed Jorgrun
 25541 | Orc:1    | Enslaved Jorgrun
 25992 | Lair:1   | Learned a level 2 spell: Blink
 26195 | Lair:6   | Entered Level 6 of the Lair of Beasts
 27113 | Lair:6   | Reached skill level 10 in Armour
 28031 | Spider:1 | Entered Level 1 of the Spider Nest
 28040 | Spider:1 | Reached skill level 14 in Fighting
 28078 | Spider:1 | Reached XP level 16. HP: 133/133 MP: 23/25
 28293 | Spider:1 | Acquired the +10 bardiche of the Hurtling Saviour {speed,
                  | rElec rC+ Dex+2}
 28295 | Spider:1 | Acquired the ring "Qaoggo" {rF+ rN++ MP+9 Str-2 Dex+6}
 28297 | Spider:1 | Acquired a +8 quick blade
 29334 | Spider:2 | Reached skill level 15 in Fighting
 29768 | Spider:2 | Learned a level 4 spell: Anguish
 29776 | Spider:2 | Learned a level 7 spell: Enfeeble
 30050 | Spider:3 | Identified the +7 shortbow "Jimninuru" {flame, Will+ Dex+2}
 30141 | Spider:3 | Reached skill level 1 in Translocations
 31675 | Spider:4 | Entered Level 4 of the Spider Nest
 32276 | Spider:4 | HP: 2/138 [redback (11)]
 32896 | Spider:4 | Reached skill level 16 in Fighting
 32896 | Spider:4 | Reached skill level 1 in Short Blades
 32899 | Spider:4 | Reached XP level 17. HP: 40/144 MP: 26/26
 33300 | Spider:4 | Reached skill level 10 in Dodging
 33300 | Spider:4 | Reached skill level 5 in Translocations
 33471 | Spider:4 | Got a gossamer rune of Zot
 33617 | Spider:4 | Noticed Donald
 33629 | Spider:4 | Killed Donald
 34225 | Spider:4 | Found a runed translucent gate.
 34226 | Spider:4 | Found a runed translucent gate.
 34231 | Spider:4 | Found a runed translucent gate.
 34235 | Spider:4 | Noticed Kesaebal's ghost (adept MfSu)
 34240 | Spider:4 | Found the +5 scythe "Finisher" {speed, eviscerate}
 34262 | Spider:4 | Noticed Bai Suzhen
 34284 | Spider:4 | Killed Bai Suzhen
 34474 | Spider:4 | Your ally Jorgrun died
 34488 | Spider:4 | Gained mutation: You are clumsy. (Dex -2) [mutagenic glow]
 34508 | Spider:4 | Gained mutation: You occasionally lose the ability to read
                  | scrolls when taking damage. [mutagenic glow]
 34525 | Spider:4 | Gained mutation: You occasionally lose the ability to drink
                  | potions when taking damage. [mutagenic glow]
 34543 | Spider:4 | Gained mutation: You are occasionally teleported next to
                  | monsters. [mutagenic glow]
 34802 | Spider:4 | Killed Kesaebal's ghost
 34910 | Spider:4 | Identified the +2 pair of boots "Ponomod" {rF- rC+ rCorr
                  | Int+2}
 35384 | Swamp:1  | Entered Level 1 of the Swamp
 35457 | Swamp:1  | Identified the +0 helmet "Coenopsaps" {rC+ rCorr}
 36027 | Swamp:1  | Found a runed translucent gate.
 36032 | Swamp:1  | Found a runed translucent gate.
 36033 | Swamp:1  | Found a runed translucent gate.
 36163 | Swamp:1  | Noticed avis's ghost (journeyman DgIE)
 36670 | Swamp:1  | Reached skill level 5 in Short Blades
 36688 | Swamp:1  | Killed avis's ghost
 37119 | Swamp:2  | Noticed Nikola
 37147 | Swamp:2  | Killed Nikola
 37148 | Swamp:2  | Reached skill level 1 in Ranged Weapons
 37148 | Swamp:2  | Reached skill level 1 in Hexes
 37148 | Swamp:2  | Found a runed translucent gate.
 37148 | Swamp:2  | Found a runed translucent gate.
 37148 | Swamp:2  | Found a runed translucent gate.
 37344 | Swamp:2  | Noticed hgbash's ghost (adept GrBe)
 37344 | Swamp:2  | Noticed Fiugearo's ghost (adept MiFi)
 37344 | Swamp:2  | Noticed contendunt's ghost (adept MiFi)
 37345 | Swamp:2  | Noticed Ozxa's ghost (adept DjCA)
 37424 | Swamp:2  | Found a burning altar of Makhleb.
 37636 | Swamp:2  | Killed Ozxa's ghost
 37673 | Swamp:1  | Killed Fiugearo's ghost
 38007 | Swamp:2  | HP: 7/144 [contendunt's ghost (6)]
 38008 | Swamp:2  | Mangled by contendunt's ghost

Illustrated notes

Levels and vault maps discovered:
D:1:      sevenhm_arrival_forest_fort_large_2, layout_loops_ring, serial_shops,
          nicolae_lakefront_shop, dreamdust_ecumenical_altar_statues
D:2:      layout_basic, serial_shops, nicolae_shop_behind_doors
D:3:      minmay_spotlight, layout_loops_ring, lemuel_crystal_altar,
          grunt_qazlal_clouds, st_stairs_4, minmay_rat_hole
D:4:      layout_loops_ring, grunt_nemelex_the_gamble, temple_hall,
          minmay_quantized
D:5:      kennysheep_spiral_hall, layout_basic, tso_altar,
          mainiacjoe_overflow_boulevard, nicolae_overflow_hallway_of_the_gods,
          nicolae_concentric_dashed_squares_wild
D:6:      wad_river_or_something, layout_basic, nicolae_vehumet_altar_sigil,
          uniq_edmund
D:7:      layout_loops_ring, mainiacjoe_overflow_alcove_4, grunt_ministairs_6,
          lemuel_old_faithful
D:8:      layout_loops_ring, kennysheep_mini_moat, kennysheep_doodads,
          uniq_erica, uniq_grum
D:9:      layout_irregular_city, mainiacjoe_overflow_24_doors,
          lightli_orcish_oven, uniq_psyche
D:10:     layout_stronghold, uniq_maggie
D:11:     layout_roguey, due_lair_maze_entry_diamond
D:12:     layout_basic, david_orc_2, uniq_nergalle
D:13:     layout_gridville, minmay_misc_feat_enclosed, uniq_kirke
D:14:     layout_loops_ring, erik_vaults_2, chequers_serial_rivers_large_a
D:15:     gammafunk_depths_entry_grave, layout_rooms, serial_curves,
          eino_curves_03, eino_curves_03, eino_curves_01, eino_curves_03,
          minmay_misc_feat_square, minivault_8
Temple:   hellmonk_temple_two_chambers
Lair:1:   layout_hall_layers, serial_bayou_shore_b, infiniplex_staircase_pool,
          grunt_megastairs_2
Lair:2:   layout_roguey
Lair:3:   layout_regular_city, skrybe_swamp_entry_bodies,
          hellmonk_spider_entry_not_the_bees
Lair:4:   layout_loops_ring, lemuel_fruit_fields, serial_bayou_shore_a,
          infiniplex_staircase_pool_2
Lair:5:   layout_roguey, minmay_slime_entry_jelly_boxes, beast_lair_carwin_4
Lair:6:   evilmike_catoblepas_cave, layout_cave_pods
Swamp:1:  layout_basic_swamp, gammafunk_ghost_hydra_chop, hangedman_swamp_lotus,
          swamp_pool2
Swamp:2:  layout_basic_swamp, gammafunk_ghost_cemetery, lemuel_altar_in_water,
          uniq_nikola
Spider:1: layout_spider_delve
Spider:2: layout_spider_delve, nicolae_spider_wall_of_niches
Spider:3: layout_spider_delve
Spider:4: grunt_spider_rune_circles, special_room [special_room_bee],
          gammafunk_ghost_tricky_traps, uniq_bai_suzhen, uniq_donald
Orc:1:    layout_caves, nicolae_shop_vocational, uniq_harold, uniq_jorgrun
Orc:2:    hellmonk_orc_salted, layout_caves, mines1_david, uniq_josephine,
          uniq_erolcha

Skill      XL: |  1  2  3  4  5  6  7  8  9 10 11 12 13 14 15 16 17 |
---------------+----------------------------------------------------+-----
Polearms       | 2 3 5 7 9 11 12 14 | 14.0
Fighting       | 4 5 6 7 10 12 14 16 | 16.0
Invocations    | 3 7 9 10 12 | 12.0
Stealth        | 5 7 |  7.0
Armour         | 1 4 6 7 9 10 12 | 12.0
Dodging        | 6 7 9 12 | 12.0
Evocations     | 5 6 7 |  7.0
Spellcasting   | 3 5 |  5.0
Transmutations | 3 7 |  7.0
Translocations | 4 5 |  5.0
Short Blades   | 1 6 |  6.6
Ranged Weapons | 1 |  1.5
Hexes          | 1 |  1.7

Action                   |  1- 3 |  4- 6 |  7- 9 | 10-12 | 13-15 | 16-18 || total
-------------------------+-------+-------+-------+-------+-------+-------++-------
Melee: Trident           |   110 |   149 |   339 |   652 |  1183 |   785 ||  3218
       Touch             |       |    12 |    45 |    98 |   227 |   135 ||   517
       Punch             |       |     2 |     3 |    10 |    16 |    15 ||    46
       Quick blade       |       |       |       |       |       |    40 ||    40
 Fire: Arbalest          |       |       |     5 |     7 |    38 |    13 ||    63
       Sling             |       |       |       |       |     1 |       ||     1
Throw: Dart              |     1 |     5 |       |       |       |       ||     6
       Boomerang         |       |       |     1 |     2 |       |       ||     3
 Cast: Wereblood         |       |       |       |       |     1 |     4 ||     5
       Blink             |       |       |       |       |       |     2 ||     2
Invok: Dark Bargain      |       |       |       |     1 |     3 |     2 ||     6
       Recall Undead Har |       |       |       |       |     5 |     7 ||    12
       Drain Life        |       |       |       |       |     1 |       ||     1
       Bind Soul         |       |       |       |       |     1 |       ||     1
Evoke: Wand              |       |       |       |     8 |     9 |    15 ||    32
       Phantom mirror    |       |       |       |       |       |     2 ||     2
  Use: Potion            |     3 |       |       |     1 |     7 |    14 ||    25
       Scroll            |       |    10 |     6 |     6 |     9 |    16 ||    47
 Stab: Sleeping          |     3 |     8 |     3 |     5 |     5 |     1 ||    25
       Distracted        |       |       |     2 |     6 |    13 |    15 ||    36
       Petrifying        |       |       |       |       |     2 |     8 ||    10
       Petrified         |       |       |       |       |     1 |     2 ||     3
       Invisible         |       |       |       |       |       |     4 ||     4
       Confused          |       |       |       |       |       |     1 ||     1
Armor: Leather armour    |     4 |       |       |       |       |       ||     4
       Scale mail        |    27 |    35 |    94 |   111 |   244 |   350 ||   861
       Ring mail         |       |     9 |       |       |       |       ||     9
Dodge: Dodged            |    44 |    80 |   155 |   256 |   649 |   612 ||  1796
       Repelled          |     1 |       |       |     2 |     4 |     4 ||    11

Table legend: (Time is in decaauts)
 A = Elapsed time spent in this place.
 B = Non-inter-level travel time spent in this place.
 C = Inter-level travel time spent in this place.
 D = Time resting spent in this place.
 E = Time spent auto-exploring this place.
 F = Levels seen in this place.
 G = Mean time per level.
                   A        B        C        D        E       F      G
               +--------+--------+--------+--------+--------+-----+--------+
         Total |  37004 |  34934 |   2070 |  10273 |  17016 |  30 | 1233.5 |
       Dungeon |  18101 |  17354 |    747 |   5033 |   8919 |  15 | 1206.7 |
        Temple |     42 |     36 |      6 |      0 |     11 |   1 |   42.0 |
          Lair |   7482 |   6554 |    928 |   1115 |   3708 |   6 | 1247.0 |
         Swamp |   2578 |   2556 |     22 |    893 |   1216 |   2 | 1289.0 |
   Spider Nest |   6624 |   6445 |    179 |   2649 |   2667 |   4 | 1656.0 |
  Orcish Mines |   2175 |   1989 |    186 |    582 |    493 |   2 | 1087.5 |
               +--------+--------+--------+--------+--------+-----+--------+

Top non-repeatable levels by time:
Spider:4: 2451 daAuts
Spider:3: 2175 daAuts
  Lair:1: 2016 daAuts
    D:11: 1987 daAuts
 Swamp:1: 1662 daAuts
  Lair:6: 1616 daAuts
     D:4: 1587 daAuts
   Orc:2: 1455 daAuts
     D:6: 1392 daAuts
     D:3: 1383 daAuts
    D:13: 1335 daAuts
     D:1: 1284 daAuts
    D:12: 1228 daAuts
     D:9: 1220 daAuts
Spider:2: 1192 daAuts
